 Dungeon Crawl Stone Soup version 0.17-a0-1920-gafa4d75 (webtiles) character file.

168 Japsu the Skirmisher (level 5, -1/47 HPs)
             Began as a Minotaur Fighter on Sept 27, 2015.
             Was a Follower of Cheibriados.
             Slain by a gnoll
             ... wielding a +0 spear
              (5 damage)
             ... on level 4 of the Dungeon.
             The game lasted 00:15:41 (2338 turns).

Japsu the Skirmisher (Minotaur Fighter)             Turns: 2338, Time: 00:15:43

Health: -1/47      AC:  7    Str: 24    XL:     5   Next: 23%
Magic:  4/4        EV:  8    Int:  8    God:    Cheibriados [*.....]
Gold:   122        SH: 10    Dex: 13    Spells: 0 memorised, 4 levels left

rFire  . . .     SeeInvis .     a - +0 war axe
rCold  . . .     Clarity  .     b - +0 scale mail
rNeg   . . .     SustAt   .     c - +0 shield
rPois  .         Gourm    .     (helmet restricted)
rElec  .         Spirit   .     (no cloak)
rCorr  .         Warding  .     (no gloves)
rMut   .         Stasis   .     (no boots)
MR     .....                    (no amulet)
Stlth  ..........               (no ring)
                                (no ring)

@: very slow, not resistant to hostile enchantments, extremely unstealthy
A: retaliatory headbutt, horns 2
a: Bend Time, Renounce Religion


You were on level 4 of the Dungeon.
You worshipped Cheibriados.
Cheibriados was aware of your devotion.
You were not hungry.

You visited 1 branch of the dungeon, and saw 4 of its levels.

You collected 122 gold pieces.

Inventory:

Hand weapons
 a - a +0 war axe (weapon)
 l - a +2 vampiric whip
Armour
 b - a +0 scale mail (worn)
 c - a +0 shield (worn)
Jewellery
 q - an uncursed ring of poison resistance {unknown}
Scrolls
 g - 2 scrolls of immolation {unknown}
 j - 4 scrolls of identify {unknown}
 k - a scroll of fog
 m - 2 scrolls of teleportation {unknown}
 p - 2 scrolls of noise {unknown}
 t - a scroll of blinking {unknown}
Potions
 d - a potion of might
 f - a potion of invisibility {unknown}
 h - a potion of curing {unknown}
 i - 2 potions of lignification {unknown}
 r - a potion of poison {unknown}
Comestibles
 e - 4 bread rations
 n - a meat ration
 o - 2 slices of pizza
 s - a fruit


   Skills:
 * Level 4.7 Fighting
 * Level 3.6 Axes
 + Level 4.5 Armour
 + Level 2.0 Dodging
 + Level 4.5 Shields


You had 4 spell levels left.
You didn't know any spells.

Dungeon Overview and Level Annotations

Branches:
Dungeon (4/15)
 Temple: D:4-7

Altars:
Cheibriados
Fedhas
Makhleb
Ru

Annotations:
D:4 Pikel


Innate Abilities, Weirdness & Mutations

You reflexively headbutt those who attack you in melee.
You have a pair of horns on your head.


Message History

* * * LOW HITPOINT WARNING * * *
Pikel burns you.
* * * LOW HITPOINT WARNING * * *
You barely miss Pikel. Your headbutt misses Pikel.
Pikel is severely wounded.
The gnoll closely misses you. You block Pikel's attack.
The gnoll hits you but does no damage.
A slave comes into view.
The slave shouts!
You slash Pikel! Your headbutt misses Pikel.
Pikel is almost dead.
You block Pikel's attack. You block the gnoll's attack.
You hit Pikel but do no damage.
Pikel is almost dead.
Pikel hits you with a whip of flaming.
* * * LOW HITPOINT WARNING * * *
Pikel burns you.
* * * LOW HITPOINT WARNING * * *
The gnoll hits you from afar with a spear.
You die...

#########.#
########pK@.....#
......ppg#######.#
.......#.#
######..p.#
#...p.# .......#
#[..K.g.g.
#.....#.###
........[


You could see Pikel, 3 slaves and a gnoll.

Vanquished Creatures
  An orc wizard (D:3)
  9 adders
  2 worms (D:2)
  2 giant geckos (D:1)
  5 orcs (D:3)
  3 hobgoblins
  5 kobolds
  6 bats
  4 giant cockroaches
  2 giant newts (D:3)
  7 goblins
  7 rats
53 creatures vanquished.

Notes
Turn   | Place    | Note
--------------------------------------------------------------
     0 | D:1      | Japsu the Minotaur Fighter began the quest for the Orb.
     0 | D:1      | Reached XP level 1. HP: 19/19 MP: 0/0
   147 | D:1      | Reached skill level 4 in Armour
   147 | D:1      | Reached XP level 2. HP: 27/27 MP: 1/1
   878 | D:2      | Found a blossoming altar of Fedhas.
   885 | D:2      | Reached XP level 3. HP: 31/33 MP: 2/2
   934 | D:2      | Found a burning altar of Makhleb.
   954 | D:2      | Reached skill level 1 in Dodging
  1006 | D:2      | Reached XP level 4. HP: 29/40 MP: 3/3
  1020 | D:2      | Found a snail-covered altar of Cheibriados.
  1035 | D:2      | Became a worshipper of Cheibriados the Contemplative
  1218 | D:2      | Found a sacrificial altar of Ru.
  1613 | D:3      | Acquired Cheibriados's first power
  1832 | D:3      | Reached XP level 5. HP: 19/47 MP: 4/4
  2316 | D:4      | Noticed a slave
  2317 | D:4      | Noticed a slave
  2317 | D:4      | Noticed a slave
  2319 | D:4      | Noticed Pikel
  2337 | D:4      | Noticed a slave
  2338 | D:4      | Slain by a gnoll

Vault maps used:
D:1:      dpeg_arrival_more_subterranean_lakeside_camping,
          minmay_misc_feat_more_columns
D:2:      nicolae_ru_path_of_blood, lemuel_doored_altar, fedhas_altar_2,
          cheibriados_altar_1, serial_park_tiny_1
D:4:      first_bread, uniq_pikel, uniq_sigmund, uniq_natasha

Action                   |  1- 3 |  4- 6 || total
-------------------------+-------+-------++-------
Melee: War axe           |    65 |    83 ||   148
  Use: Scroll            |     2 |       ||     2
  Eat: Bread ration      |       |     1 ||     1
